 Dungeon Crawl Stone Soup version 0.24-a0-170-gd8427f5 (webtiles) character file.

Game seed: 14085413809467232747

736 Dfrag the Firebug (level 7, -1/55 HPs)
             Began as a Naga Fire Elementalist on Mar 10, 2019.
             Slain by an orc
             ... wielding a +0 trident
              (3 damage)
             ... on level 6 of the Dungeon.
             The game lasted 00:07:01 (3742 turns).

Dfrag the Firebug (Naga Fire Elementalist)          Turns: 3742, Time: 00:07:02

Health: -1/55      AC:  7    Str: 10    XL:     7   Next: 74%
Magic:  0/14       EV: 10    Int: 18    God:
Gold:   342        SH:  0    Dex: 11    Spells: 7/15 levels left

rFire    + . .     SeeInvis +   m - +1 hand axe (chop)
rCold    + + .     Gourm    .   (no shield)
rNeg     . . .     Faith    .   a - +0 robe
rPois    +         Spirit   .   o - +0 helmet (curse)
rElec    .         Reflect  .   j - scarf {rC+ rF+}
rCorr    .         Harm     .   r - +0 pair of gloves
MR       .....                  (no barding)
Stlth    ++........             (no amulet)
HPRegen  0.18/turn              q - +2 ring of protection
MPRegen  0.14/turn              t - ring of protection from cold

@: short of breath, very slightly contaminated, very slow
A: large, see invisible, deformed body, poison resistance, slowness 2, slow
metabolism 1, spit poison 1, AC +2
a: Spit Poison


You were on level 6 of the Dungeon.
You were not hungry.

You visited 1 branch of the dungeon, and saw 6 of its levels.

You collected 342 gold pieces.

Inventory:

Hand Weapons
 m - a +1 hand axe of chopping (weapon)
 z - a +4 club
Armour
 a - a +0 robe (worn)
 j - a scarf of resistance (worn)
 o - a cursed +0 helmet (worn)
 r - a +0 pair of gloves (worn)
Jewellery
 k - an uncursed ring of see invisible
 q - a +2 ring of protection (left hand)
 t - a ring of protection from cold (right hand)
Scrolls
 b - 7 scrolls of identify {unknown}
 d - 3 scrolls of teleportation {unknown}
 h - 2 scrolls of fear {unknown}
 n - a scroll of remove curse {unknown}
 u - a scroll of noise {unknown}
 w - a scroll of amnesia {unknown}
 y - a scroll of enchant weapon {unknown}
Potions
 e - a potion of heal wounds {unknown}
 f - 2 potions of mutation {unknown}
 g - 3 potions of flight {unknown}
 i - 5 potions of might {unknown}
 l - a potion of lignification {unknown}
 p - a potion of agility {unknown}
 s - 3 potions of curing {unknown}
 v - a potion of magic {unknown}
Comestibles
 c - 7 rations


   Skills:
 - Level 1.5 Dodging
 - Level 3.0 Stealth
 + Level 4.7 Spellcasting
 + Level 4.7 Conjurations
 + Level 5.6 Fire Magic


You had 7 spell levels left.
You knew the following spells:

 Your Spells              Type           Power        Failure   Level  Hunger
a - Flame Tongue          Conj/Fire      ###..        1%          1    None
b - Conjure Flame         Conj/Fire      ###.....     4%          3    ###....
c - Sticky Flame          Conj/Fire      ###.....     16%         4    ####...

Your spell library contained the following spells:

 Spells                   Type           Power        Failure   Level  Hunger
 Throw Flame              Conj/Fire      ###...       2%          2    #......
 Inner Flame              Hex/Fire       ##......     13%         3    ###....
 Fireball                 Conj/Fire      ###.......   41%         5    ######.


Dungeon Overview and Level Annotations

Branches:
Dungeon (6/15)             Temple (0/1) D:6

Altars:
Ashenzari
Dithmenos
Hepliaklqana


Innate Abilities, Weirdness & Mutations

You cannot wear boots.
Your serpentine skin is tough. (AC +2)
You have supernaturally acute eyesight. (SInv)
Armour fits poorly on your strangely shaped body.
Your system is resistant to poisons. (rPois)
You cover ground very slowly.
You have a slow metabolism.
You can spit poison.


Message History

The flame tongue hits the black bear!
The black bear is almost dead.
The black bear bites you but does no damage.
The black bear barely misses you. The black bear claws you.
* * * LOW HITPOINT WARNING * * *
The orc hits you but does no damage. The black bear barely misses you.
The black bear claws you but does no damage.
The black bear barely misses you.
Press: ? - help, Shift-Dir - straight line, f/p - black bear
Aim: a black bear (almost dead, berserk, fast, unusually strong)
The splash of poison hits the black bear but does no damage.
The black bear is almost dead.
You feel slightly more hungry. The black bear bites you.
* * * LOW HITPOINT WARNING * * *
The black bear claws you.
* * * LOW HITPOINT WARNING * * *
The black bear claws you.
* * * LOW HITPOINT WARNING * * *
The orc hits you from afar with a +0 trident.
You die...

.........
....#.#..
#..#.#.#.
..#.#.#.#
#..#.>.#. #
#.#.#.#.#
#####.###(.#.#.#.
.......@ho..#.#..
#####.###........
.. #....#### ##
#....# #....#
#....# +....+
#....#


You could see a black bear (berserk) and an orc.

Vanquished Creatures
  Sigmund (D:2)
  A scorpion (D:5)
  A crimson imp (D:5)
  A bullfrog zombie (D:6)
  An orc priest (D:4)
  A centaur zombie (D:5)
  A hound (D:5)
  4 orc wizards
  A centaur skeleton (D:5)
  Terence (D:2)
  A hound skeleton (D:4)
  Robin (D:4)
  4 adders
  A shadow imp (D:5)
  An ooze (D:5)
  2 worms
  4 dart slugs
  2 leopard geckos
  11 orcs
  8 giant cockroaches
  22 goblins
  14 hobgoblins
  8 jackals
  3 quokkas
  A ball python (D:2)
  4 bats
  6 frilled lizards
  2 jackal skeletons
  4 kobolds
  A leopard gecko skeleton (D:4)
  9 rats
122 creatures vanquished.

Notes
Turn   | Place    | Note
-------+----------+-------------------------------------------
     0 | D:1      | Dfrag the Naga Fire Elementalist began the quest for the
                  | Orb.
     0 | D:1      | Reached XP level 1. HP: 15/15 MP: 3/3
    83 | D:1      | Reached XP level 2. HP: 18/22 MP: 1/5
   317 | D:1      | Reached XP level 3. HP: 28/28 MP: 4/6
   370 | D:1      | Learned a level 3 spell: Conjure Flame
   631 | D:2      | Noticed Sigmund
   670 | D:2      | Killed Sigmund
   670 | D:2      | Reached skill level 4 in Fire Magic
   670 | D:2      | Reached XP level 4. HP: 10/36 MP: 0/9
   670 | D:2      | Reached XP level 5. HP: 12/42 MP: 0/10
   918 | D:2      | Learned a level 4 spell: Sticky Flame
   976 | D:2      | Noticed Terence
   996 | D:2      | Killed Terence
   996 | D:2      | Reached XP level 6. HP: 20/49 MP: 1/11
  1949 | D:3      | Found a shattered altar of Ashenzari.
  1961 | D:3      | You fall through a shaft for 2 floors!
  1961 | D:5      | Entered Level 5 of the Dungeon
  2386 | D:4      | Reached skill level 5 in Fire Magic
  2386 | D:4      | Reached XP level 7. HP: 47/55 MP: 8/13
  3002 | D:3      | Found a shadowy altar of Dithmenos.
  3002 | D:3      | Found a hazy altar of Hepliaklqana.
  3122 | D:4      | Found a shattered altar of Ashenzari.
  3128 | D:4      | Noticed Robin
  3146 | D:4      | Killed Robin
  3723 | D:6      | Found a staircase to the Ecumenical Temple.
  3742 | D:6      | HP: 2/55 [black bear (1)]
  3742 | D:6      | Slain by an orc

Levels and vault maps discovered:
D:1:      giann_forest_graveyard, layout_basic
D:2:      minmay_inner_zag, layout_rooms, first_ration, uniq_terence,
          uniq_sigmund
D:3:      layout_basic, gammafunk_temple_overflow_wave, minmay_statues_item,
          cheibrodos_ashenzari_chains
D:4:      layout_loops_ring, nicolae_overflow_crystal_walls, minmay_between,
          uniq_robin
D:5:      layout_basic
D:6:      layout_basic, amethyst_overflow_temple_binary,
          minmay_temple_entry_grid, serial_rivers,
          chequers_serial_rivers_micro_a, chequers_serial_rivers_room_a,
          chequers_serial_rivers_small_a, chequers_serial_rivers_micro_a,
          minmay_small_thing, uniq_grinder

Skill      XL: |  1  2  3  4  5  6 |
---------------+-------------------+-----
Conjurations   | 3 4 |  4.7
Spellcasting   | 3 4 |  4.7
Fire Magic     | 4 5 |  5.6
Dodging        | |  1.5
Stealth        | |  3.0

Action                   |  1- 3 |  4- 6 |  7- 9 || total
-------------------------+-------+-------+-------++-------
Melee: Unarmed           |     9 |     5 |       ||    14
       Hand axe          |       |    45 |    66 ||   111
       Club              |       |       |    23 ||    23
 Cast: Flame Tongue      |    39 |    76 |    55 ||   170
       Conjure Flame     |     2 |       |       ||     2
       Sticky Flame      |       |     1 |     3 ||     4
 Abil: Spit Poison       |    24 |    25 |     8 ||    57
 Stab: Sleeping          |       |     1 |       ||     1
  Eat: Chunk             |       |     7 |     3 ||    10
       Ration            |       |       |     1 ||     1
Armor: Robe              |     5 |    31 |    72 ||   108
Dodge: Dodged            |    25 |    59 |    65 ||   149

Table legend:
 A = Non-vault XP
 B = Vault XP
 C = Vault XP percentage of total XP
 D = Non-vault monster count
 E = Vault monster count
 F = Vault count percentage of total count
                 A         B        C        D         E       F
            +---------+---------+-------+---------+---------+-------
      Total |     729 |     323 |  30.7 |     100 |      22 |  18.0
            +---------+---------+-------+---------+---------+-------
        D:1 |      45 |       0 |   0.0 |      25 |       0 |   0.0
        D:2 |      56 |     271 |  82.9 |      22 |       8 |  26.7
        D:3 |     123 |       0 |   0.0 |      21 |       0 |   0.0
        D:4 |     176 |      52 |  22.8 |      19 |      14 |  42.4
        D:5 |     280 |       0 |   0.0 |      12 |       0 |   0.0
        D:6 |      49 |       0 |   0.0 |       1 |       0 |   0.0
            +---------+---------+-------+---------+---------+-------
